 Dungeon Crawl Stone Soup version 0.24-a0-92-g7d8ec57 (console) character file.

Game seed: 18298705725538139047

336 Duffy the Ruffian (level 6, -3/47 HPs)
             Began as a Draconian Transmuter on Feb 9, 2019.
             Was an Initiate of Cheibriados (penitent).
             Slain by a worker ant (6 damage)
             ... on level 5 of the Dungeon.
             The game lasted 00:04:06 (4600 turns).

Duffy the Ruffian (Draconian Transmuter)            Turns: 4600, Time: 00:04:06

Health: -3/47      AC:  2    Str: 12    XL:     6   Next: 28%
Magic:  8/9        EV: 19    Int: 16    God:    Cheibriados [*]
Gold:   268        SH:  0    Dex: 16    Spells: 3/9 levels left

rFire    . . .     SeeInvis +     - Unarmed
rCold    . . .     Gourm    .   (shield currently unavailable)
rNeg     . . .     Faith    .   (armour unavailable)
rPois    x         Spirit   .   (helmet currently unavailable)
rElec    .         Reflect  .   (cloak currently unavailable)
rCorr    .         Harm     .   (gloves currently unavailable)
MR       .....                  (boots currently unavailable)
Stlth    +.........             (no amulet)
HPRegen  0.15/turn              q - ring of see invisible
MPRegen  0.11/turn              (no ring)

@: spider-form (expiring), hasted, quick
A: tiny, unfitting armour, AC +6
a: End Transformation, Renounce Religion


You were on level 5 of the Dungeon.
You worshipped Cheibriados.
Cheibriados was demanding penance.
You were not hungry.
You were a venomous arachnid creature.
You visited 1 branch of the dungeon, and saw 5 of its levels.

You collected 268 gold pieces.

Inventory:

Hand Weapons
 o - a +0 blowgun
Missiles
 a - 95 arrows
 p - 36 poisoned needles
Jewellery
 q - a ring of see invisible (left front leg)
Wands
 m - a wand of polymorph (10)
Scrolls
 b - a scroll of enchant armour {unknown}
 d - a scroll of teleportation
 f - 3 scrolls of identify
 g - 9 scrolls of remove curse
 i - a scroll of fear {unknown}
 t - a scroll of immolation {unknown}
 u - a scroll of random uselessness {unknown}
Potions
 e - 2 potions of curing {unknown}
 h - 3 potions of mutation {unknown}
 j - a potion of degeneration {unknown}
 k - a potion of magic {unknown}
 l - a potion of brilliance {unknown}
 n - 2 potions of berserk rage {unknown}
 s - a potion of might {unknown}
Comestibles
 c - 8 rations


   Skills:
 - Level 1.1 Fighting
 - Level 1.7 Dodging
 + Level 4.9 Unarmed Combat
 - Level 2.0 Spellcasting
 + Level 4.3 Transmutations
 + Level 2.9 Poison Magic


You had 3 spell levels left.
You knew the following spells:

 Your Spells              Type           Power        Failure   Level  Hunger
h - Spider Form           Tmut/Pois      ##........   32%         3    ###....
j - Sticks to Snakes      Tmut           ###.....     16%         2    ###....
k - Beastly Appendage     Tmut           ###...       12%         1    #......

Your spell library contained the following spells:

 Spells                   Type           Power        Failure   Level  Hunger
 Ice Form                 Ice/Tmut       #.......     82%         4    #####..
 Blade Hands              Tmut           ###.......   85%         5    ######.


Dungeon Overview and Level Annotations

Branches:
Dungeon (5/15)
 Temple: D:4-7

Altars:
Ashenzari
Cheibriados
Makhleb
Qazlal
Xom

Annotations:
D:3 2 runed translucent doors, Protee's ghost, amateur TeWz


Innate Abilities, Weirdness & Mutations

((Your plain brown scales are hard. (AC +6)))
You cannot fit into any form of body armour.
((You are cold-blooded and may be slowed by cold attacks.))


Message History

The bullfrog skeleton closely misses you.
The sky beast misses you.
The bullfrog skeleton closely misses you.
The bullfrog skeleton closely misses you.
The orc priest shouts!
The orc shouts!
You hear a shout! x2
The orc priest begins to cast a cantrip, but forgets the words!
The orc closely misses you. The bullfrog skeleton misses you.
The bullfrog skeleton closely misses you.
The sky beast completely misses you. The bullfrog skeleton hits you.
Found a falchion and 19 arrows.
Your transformation is almost over.
A worker ant comes into view.
The worker ant twitches its antennae in your direction.
You bite the worker ant!
The worker ant is poisoned.
The worker ant is heavily wounded.
The bullfrog skeleton hits you.
A worker ant comes into view.
The worker ant bites you.
You die...

...#>.... ####....#
####....# #....!..
#...... #....# ######.
#...)# ##########.......
#....####....o.Z.a......a
#............Y...s.......
###...............##.....
# #......o.######## ####
# #.~......# .. #
#....o...# ###........#
.o.........# ############
#


You could see a sky beast, 2 worker ants, an orc and a bullfrog skeleton.

Vanquished Creatures
  A hippogriff (D:3)
  A jelly (D:5)
  5 adders
  3 worms
  2 dart slugs
  3 leopard geckos
  An orc (D:3)
  A ball python (D:4)
  3 giant cockroaches
  4 goblins
  11 hobgoblins
  2 quokkas
  11 bats
  5 frilled lizards
  12 kobolds
  A leopard gecko skeleton (D:4)
  9 rats
75 creatures vanquished.

Notes
Turn   | Place    | Note
-------+----------+-------------------------------------------
     0 | D:1      | Duffy the Draconian Transmuter began the quest for the Orb.
     0 | D:1      | Reached XP level 1. HP: 16/16 MP: 3/3
   648 | D:1      | Reached XP level 2. HP: 23/23 MP: 5/5
   678 | D:1      | Learned a level 2 spell: Sticks to Snakes
  1389 | D:1      | Reached XP level 3. HP: 6/28 MP: 6/6
  1397 | D:1      | HP: 1/28 [poisoned by an adder]
  1737 | D:2      | Learned a level 3 spell: Spider Form
  2215 | D:2      | Reached XP level 4. HP: 34/35 MP: 7/7
  2357 | D:2      | Found a stormy altar of Qazlal.
  2561 | D:3      | Reached skill level 1 in Poison Magic
  2958 | D:3      | Noticed a hippogriff
  2977 | D:3      | HP: 1/35 [hippogriff (6)]
  2987 | D:3      | Killed a hippogriff
  2987 | D:3      | Reached XP level 5. HP: 2/40 MP: 5/8
  2987 | D:3      | Reached XP level 6. HP: 3/47 MP: 5/9
  3289 | D:3      | Found a runed translucent door.
  3294 | D:3      | Noticed Protee's ghost (amateur TeWz)
  3330 | D:3      | Found a runed translucent door.
  4049 | D:4      | Found a burning altar of Makhleb.
  4052 | D:4      | Found a snail-covered altar of Cheibriados.
  4070 | D:4      | Found a shimmering altar of Xom.
  4073 | D:4      | Found a shattered altar of Ashenzari.
  4088 | D:4      | Became a worshipper of Cheibriados the Contemplative
  4397 | D:5      | Entered Level 5 of the Dungeon
  4571 | D:5      | Noticed a sky beast
  4578 | D:5      | Was placed under penance by Cheibriados
  4599 | D:5      | HP: 2/47 [bullfrog skeleton (4)]
  4600 | D:5      | Slain by a worker ant

Levels and vault maps discovered:
D:1:      giann_horns, layout_basic, hangedman_decor_clover_reticule
D:2:      cheibrodos_old_hovel, layout_rooms, lemuel_doored_altar
D:3:      layout_basic, ebering_ghost_sewer_f
D:4:      layout_basic, grunt_temple_overflow_cloverleaf, first_ration,
          abandoned_shop
D:5:      layout_basic, gammafunk_ghost_arena, uniq_grinder

Skill      XL: |  1  2  3  4 |
---------------+-------------+-----
Transmutations | 3 4 |  4.3
Unarmed Combat | 4 |  4.9
Poison Magic   | 2 |  2.9
Fighting       | |  1.1
Dodging        | |  1.7
Spellcasting   | |  2.0

Action                   |  1- 3 |  4- 6 || total
-------------------------+-------+-------++-------
Melee: Unarmed           |   179 |   128 ||   307
       Tailslap          |    13 |     7 ||    20
       Punch             |     3 |     1 ||     4
 Cast: Spider Form       |       |     5 ||     5
  Use: Scroll            |       |     3 ||     3
       Potion            |       |     1 ||     1
 Stab: Sleeping          |       |     2 ||     2
  Eat: Chunk             |     4 |     9 ||    13
Armor: Skin              |    63 |    30 ||    93
Dodge: Dodged            |   139 |    92 ||   231

Table legend:
 A = Non-vault XP
 B = Vault XP
 C = Vault XP percentage of total XP
 D = Non-vault monster count
 E = Vault monster count
 F = Vault count percentage of total count
                 A         B        C        D         E       F
            +---------+---------+-------+---------+---------+-------
      Total |     478 |       2 |   0.4 |      74 |       1 |   1.3
            +---------+---------+-------+---------+---------+-------
        D:1 |      51 |       0 |   0.0 |      25 |       0 |   0.0
        D:2 |      47 |       2 |   4.1 |      20 |       1 |   4.8
        D:3 |     298 |       0 |   0.0 |      21 |       0 |   0.0
        D:4 |      26 |       0 |   0.0 |       6 |       0 |   0.0
        D:5 |      56 |       0 |   0.0 |       2 |       0 |   0.0
            +---------+---------+-------+---------+---------+-------
